[ AOE2 MATCH · #477397362 ]
UnrankedByzantines vs Spanish
[ REPLAY ANALYSIS · EXTRACTED FROM THE RECORDED GAME ]
Feudal
3:14
Castle
10:16
Imperial
18:24
| APM avg | 21.4 |
| APM peak | 107 |
| eAPM avg | 18.1 |
| Villagers / military | 162 / 347 |
Focus
⚔️ 17.8% · 🌾 82.2%
Spearman ×240 · Trade Cart ×78 · Cataphract ×52 · Scout Cavalry ×20 · Skirmisher ×15 · Mangonel ×10
Feudal
3:35
Castle
9:00
Imperial
27:50
| APM avg | 32.0 |
| APM peak | 100 |
| eAPM avg | 17.7 |
| Villagers / military | 106 / 255 |
Focus
⚔️ 26.5% · 🌾 73.5%
Trade Cart ×122 · Shotel Warrior ×103 · Spearman ×44 · Knight ×30 · Bombard Cannon ×30 · Mangonel ×27
Feudal
—
Castle
—
Imperial
—
| APM avg | 39.8 |
| APM peak | 169 |
| eAPM avg | 34.6 |
| Villagers / military | 119 / 431 |
Focus
⚔️ 19.3% · 🌾 80.7%
Conquistador ×174 · Spearman ×94 · Hand Cannoneer ×83 · Trade Cart ×64 · Bombard Cannon ×47 · Missionary ×31
Feudal
2:17
Castle
7:54
Imperial
18:59
| APM avg | 25.8 |
| APM peak | 84 |
| eAPM avg | 20.6 |
| Villagers / military | 192 / 787 |
Focus
⚔️ 29.6% · 🌾 70.4%
Spearman ×350 · Scout Cavalry ×235 · Mangonel ×128 · Trade Cart ×90 · Scorpion ×35 · Battering Ram ×35
Feudal
—
Castle
—
Imperial
—
| APM avg | 52.6 |
| APM peak | 111 |
| eAPM avg | 42.5 |
| Villagers / military | 171 / 1021 |
Focus
⚔️ 50.2% · 🌾 49.8%
War Elephant ×937 · Trade Cart ×81 · Bombard Cannon ×46 · Mangonel ×19 · Scorpion ×15 · Battering Ram ×3
Feudal
6:19
Castle
10:14
Imperial
19:05
| APM avg | 32.0 |
| APM peak | 110 |
| eAPM avg | 26.9 |
| Villagers / military | 131 / 1188 |
Focus
⚔️ 72.9% · 🌾 27.1%
Mangudai ×602 · Scout Cavalry ×586 · Trade Cart ×46
Feudal
3:18
Castle
13:00
Imperial
27:45
| APM avg | 55.5 |
| APM peak | 166 |
| eAPM avg | 37.4 |
| Villagers / military | 219 / 1269 |
Focus
⚔️ 69.9% · 🌾 30.1%
Spearman ×806 · Boyar ×340 · Mangonel ×121 · Trade Cart ×20 · Monk ×2
Feudal
1:47
Castle
5:22
Imperial
19:33
| APM avg | 21.8 |
| APM peak | 240 |
| eAPM avg | 14.8 |
| Villagers / military | 160 / 432 |
Focus
⚔️ 30.5% · 🌾 69.5%
Ballista Elephant ×210 · Battle Elephant ×188 · Trade Cart ×92 · Scout Cavalry ×30 · Mangonel ×4
Match map
Initial resources + every placement click. Lines = walls · curves = elevation contours. ◆ gold · ⬟ stone · ● berries · ✦ relic · ◌ wall gap
Your base· ✓ Closed at 10:16 · 16t walls · 1 gate(s)
Peterecsoer's base· Open — unwalled flank
Ephesians-5-14's base· ✓ Closed at 10:58 · 29t walls · 2 gate(s)
Ozymandias's base· ✓ Closed at 7:54 · 0t walls · no gate
Thaizila's base· Open — unwalled flank
///Facu///'s base· ✓ Closed at 10:14 · 0t walls · no gate
PANCHOLOCO's base· ✓ Closed at 13:00 · 20t walls · 1 gate(s)
KinGus's base· Open — unwalled flank
Smoothed initial terrain · ◌ = detected wall gap · hover for details
Inputs per minute
— xfreron - - Peterecsoer
Build order — xfreron
First 150 of 526 actions detected
| 0:06 | Build | House |
| 0:07 | Build | House |
| 0:16 | Research | Loom |
| 0:17 | Create | Villager (Male) |
| 0:17 | Create | Villager (Male) |
| 1:12 | Build | Mill |
| 1:32 | Create | Villager (Male) |
| 1:33 | Create | Villager (Male) |
| 1:48 | Build | Lumber Camp |
| 2:06 | Create | Villager (Male) |
| 2:06 | Create | Villager (Male) |
| 2:14 | Research | Feudal Age |
| 3:14 | Age | Feudal Age |
| 3:16 | Create | Villager (Male) |
| 3:16 | Create | Villager (Male) |
| 3:18 | Create | Villager (Male) |
| 4:21 | Create | Villager (Male) |
| 4:51 | Create | Villager (Male) |
| 4:52 | Create | Villager (Male) |
| 5:52 | Build | Mining Camp |
| 5:58 | Build | Market |
| 6:02 | Create | Villager (Male) |
| 6:03 | Create | Villager (Male) |
| 6:03 | Create | Villager (Male) |
| 6:11 | Research | Double-Bit Axe |
| 6:15 | Research | Horse Collar |
| 6:40 | Build | House |
| 6:43 | Build | House |
| 7:26 | Build | Outpost |
| 7:36 | Build | Blacksmith |
| 7:51 | Build | Farm |
| 7:52 | Build | Farm |
| 7:52 | Build | Farm |
| 7:55 | Create | Villager (Male) |
| 7:55 | Create | Villager (Male) |
| 8:00 | Build | Farm |
| 8:42 | Build | Outpost |
| 9:02 | Build | Mining Camp |
| 9:07 | Create | Villager (Male) |
| 9:07 | Create | Villager (Male) |
| 9:12 | Research | Castle Age |
| 9:32 | Research | Gold Mining |
| 9:33 | Research | Stone Mining |
| 9:49 | Create | Trade Cart |
| 9:49 | Create | Trade Cart |
| 10:01 | Build | Stone Wall |
| 10:06 | Build | Gate |
| 10:16 | Age | Castle Age |
| 10:18 | Create | Villager (Male) |
| 10:19 | Create | Villager (Male) |
| 10:19 | Create | Villager (Male) |
| 10:19 | Create | Villager (Male) |
| 10:29 | Build | Town Center |
| 10:38 | Build | Town Center |
| 10:56 | Build | Town Center |
| 11:00 | Create | Villager (Male) |
| 11:01 | Create | Villager (Male) |
| 11:05 | Create | Villager (Male) |
| 11:05 | Create | Villager (Male) |
| 11:06 | Create | Villager (Male) |
| 11:20 | Build | Market |
| 11:22 | Build | Market |
| 11:24 | Build | Market |
| 11:31 | Create | Villager (Male) |
| 11:31 | Create | Villager (Male) |
| 11:36 | Research | Bow Saw |
| 11:39 | Create | Villager (Male) |
| 11:39 | Create | Villager (Male) |
| 11:39 | Create | Villager (Male) |
| 11:47 | Create | Villager (Male) |
| 11:48 | Create | Villager (Male) |
| 11:50 | Build | Farm |
| 12:00 | Build | Farm |
| 12:03 | Build | Farm |
| 12:09 | Create | Villager (Male) |
| 12:09 | Create | Villager (Male) |
| 12:30 | Build | Farm |
| 12:35 | Build | Farm |
| 12:40 | Build | Farm |
| 12:44 | Build | Farm |
| 12:49 | Create | Villager (Male) |
| 12:50 | Create | Villager (Male) |
| 12:54 | Build | Farm |
| 12:56 | Create | Villager (Male) |
| 12:58 | Create | Villager (Male) |
| 12:58 | Create | Villager (Male) |
| 13:06 | Build | Farm |
| 13:32 | Build | Castle |
| 13:48 | Build | House |
| 13:49 | Build | House |
| 13:50 | Build | House |
| 13:52 | Build | House |
| 13:53 | Build | House |
| 13:54 | Build | House |
| 13:55 | Build | House |
| 13:56 | Build | House |
| 13:59 | Build | House |
| 14:01 | Build | House |
| 14:04 | Build | Farm |
| 14:08 | Research | Wheelbarrow |
| 14:12 | Research | Heavy Plow |
| 14:15 | Create | Villager (Male) |
| 14:15 | Create | Villager (Male) |
| 14:18 | Create | Villager (Male) |
| 14:18 | Create | Villager (Male) |
| 14:19 | Create | Villager (Male) |
| 14:20 | Create | Villager (Male) |
| 14:22 | Build | Farm |
| 14:25 | Create | Villager (Male) |
| 14:25 | Create | Villager (Male) |
| 14:36 | Create | Villager (Male) |
| 14:36 | Create | Villager (Male) |
| 14:46 | Create | Villager (Male) |
| 14:46 | Create | Villager (Male) |
| 14:58 | Build | Town Center |
| 15:09 | Research | Caravan |
| 15:18 | Create | Trade Cart ×4 |
| 15:24 | Build | Farm |
| 15:31 | Build | Farm |
| 15:35 | Build | Farm |
| 15:35 | Build | Farm |
| 15:40 | Create | Villager (Male) |
| 15:40 | Create | Villager (Male) |
| 15:41 | Create | Villager (Male) |
| 15:42 | Create | Villager (Male) |
| 15:43 | Create | Villager (Male) |
| 15:44 | Create | Villager (Male) |
| 15:45 | Create | Villager (Male) |
| 15:45 | Create | Villager (Male) |
| 15:46 | Create | Villager (Male) |
| 15:47 | Create | Villager (Male) |
| 15:57 | Build | Mining Camp |
| 16:01 | Build | Farm |
| 16:03 | Create | Villager (Male) |
| 16:04 | Create | Villager (Male) |
| 16:10 | Build | Barracks |
| 16:16 | Create | Villager (Male) |
| 16:46 | Build | Archery Range |
| 16:52 | Create | Cataphract |
| 16:55 | Create | Cataphract |
| 17:04 | Build | Mining Camp |
| 17:08 | Research | Imperial Age |
| 17:13 | Create | Villager (Male) |
| 17:13 | Create | Villager (Male) |
| 17:13 | Create | Villager (Male) |
| 17:17 | Create | Villager (Male) |
| 17:17 | Create | Villager (Male) |
| 17:17 | Create | Villager (Male) |
| 17:18 | Create | Villager (Male) |
| 17:22 | Create | Villager (Male) |
Build order — Peterecsoer
First 150 of 480 actions detected
| 0:07 | Build | House |
| 0:08 | Build | House |
| 0:10 | Create | Villager (Male) |
| 0:25 | Create | Villager (Male) |
| 0:25 | Create | Villager (Male) |
| 0:32 | Research | Loom |
| 0:48 | Build | House |
| 0:50 | Build | House |
| 0:57 | Create | Villager (Male) |
| 1:25 | Create | Villager (Male) |
| 1:27 | Create | Villager (Male) |
| 1:34 | Build | Lumber Camp |
| 1:48 | Create | Villager (Male) |
| 1:57 | Build | Mill |
| 2:13 | Create | Villager (Male) |
| 2:18 | Build | House |
| 2:24 | Build | Mill |
| 2:40 | Research | Feudal Age |
| 3:21 | Create | Villager (Male) |
| 3:21 | Create | Villager (Male) |
| 3:35 | Age | Feudal Age |
| 3:47 | Create | Villager (Male) |
| 3:51 | Research | Wheelbarrow |
| 3:55 | Create | Villager (Male) |
| 3:55 | Create | Villager (Male) |
| 3:56 | Research | Double-Bit Axe |
| 4:17 | Create | Villager (Male) |
| 4:18 | Create | Villager (Male) |
| 5:18 | Create | Villager (Male) |
| 5:35 | Build | Mining Camp |
| 5:54 | Create | Villager (Male) |
| 6:17 | Create | Villager (Male) |
| 6:34 | Build | Market |
| 6:38 | Build | Blacksmith |
| 6:47 | Create | Villager (Male) |
| 7:01 | Research | Stone Mining |
| 7:53 | Create | Trade Cart |
| 7:56 | Research | Castle Age |
| 8:52 | Create | Trade Cart |
| 9:00 | Age | Castle Age |
| 9:10 | Build | Monastery |
| 9:16 | Build | Monastery |
| 9:21 | Build | Barracks |
| 9:42 | Build | Town Center |
| 9:49 | Build | Town Center |
| 9:55 | Create | Monk |
| 9:59 | Research | Fervor |
| 10:06 | Create | Monk |
| 10:15 | Create | Monk |
| 10:16 | Create | Monk |
| 10:33 | Create | Spearman |
| 10:33 | Create | Spearman |
| 10:41 | Build | Mining Camp |
| 10:47 | Create | Spearman |
| 10:48 | Create | Spearman |
| 13:28 | Research | Hand Cart |
| 13:28 | Create | Villager (Male) |
| 13:29 | Create | Villager (Male) ×5 |
| 13:36 | Build | Town Center |
| 13:41 | Build | Town Center |
| 13:56 | Create | Trade Cart |
| 13:56 | Create | Trade Cart |
| 13:57 | Create | Trade Cart |
| 14:20 | Research | Atonement |
| 14:21 | Research | Sanctity |
| 14:40 | Build | Farm |
| 14:40 | Build | Farm |
| 14:41 | Build | Farm |
| 14:46 | Build | Farm |
| 14:46 | Build | Farm |
| 14:47 | Build | Farm |
| 15:02 | Research | Devotion |
| 15:03 | Research | Heresy |
| 15:26 | Build | Farm |
| 15:27 | Build | Farm |
| 15:39 | Create | Trade Cart |
| 15:44 | Create | Villager (Male) |
| 15:54 | Build | Farm |
| 15:54 | Build | Farm |
| 15:55 | Build | Farm |
| 16:00 | Research | Horse Collar |
| 16:11 | Create | Villager (Male) ×5 |
| 16:29 | Build | Market |
| 16:30 | Build | Market |
| 16:30 | Build | Market |
| 16:32 | Build | Market |
| 16:33 | Build | Market |
| 16:33 | Build | Market |
| 16:34 | Build | Market |
| 16:35 | Build | Market |
| 16:40 | Research | Caravan |
| 17:05 | Research | Town Watch |
| 17:05 | Research | Town Watch |
| 17:22 | Create | Trade Cart ×2 |
| 17:32 | Create | Villager (Male) ×5 |
| 17:47 | Build | House |
| 17:48 | Build | House |
| 17:48 | Build | House |
| 18:26 | Build | House |
| 18:26 | Build | House |
| 18:27 | Build | House |
| 18:27 | Build | House |
| 18:28 | Build | House |
| 18:29 | Build | House |
| 18:29 | Build | House |
| 18:56 | Create | Villager (Male) ×5 |
| 18:57 | Create | Villager (Male) ×5 |
| 19:05 | Build | Farm |
| 19:18 | Build | Lumber Camp |
| 19:23 | Research | Bow Saw |
| 19:33 | Create | Villager (Male) ×5 |
| 19:33 | Create | Villager (Male) ×5 |
| 20:15 | Build | Castle |
| 20:19 | Create | Villager (Male) ×5 |
| 20:20 | Create | Villager (Male) ×5 |
| 20:28 | Build | Blacksmith |
| 20:33 | Build | House |
| 20:34 | Build | House |
| 20:36 | Build | House |
| 20:36 | Build | House |
| 20:40 | Create | Trade Cart ×5 |
| 20:42 | Research | Forging |
| 20:43 | Research | Scale Mail Armor |
| 20:43 | Research | Scale Barding Armor |
| 20:54 | Build | University |
| 20:57 | Build | University |
| 21:03 | Create | Villager (Male) ×5 |
| 21:04 | Create | Villager (Male) ×5 |
| 21:21 | Build | Farm |
| 21:31 | Research | Heavy Plow |
| 21:38 | Research | Gold Mining |
| 21:38 | Research | Gold Mining |
| 21:44 | Research | Herbal Medicine |
| 21:44 | Research | Herbal Medicine |
| 21:48 | Research | Squires |
| 21:48 | Research | Arson |
| 21:55 | Create | Villager (Male) ×3 |
| 21:59 | Build | Farm |
| 21:59 | Build | Farm |
| 22:07 | Build | Mill |
| 22:19 | Create | Trade Cart ×5 |
| 22:20 | Create | Trade Cart ×5 |
| 22:20 | Create | Trade Cart ×5 |
| 22:29 | Build | Mining Camp |
| 22:41 | Research | Fletching |
| 22:42 | Research | Iron Casting |
| 22:43 | Research | Chain Mail Armor |
| 22:44 | Research | Padded Archer Armor |
| 22:49 | Build | House |
| 22:50 | Build | House |
Build order — Ephesians-5-14
First 150 of 1065 actions detected
| 0:07 | Build | Lumber Camp |
| 0:13 | Build | Mill |
| 0:18 | Build | House |
| 0:20 | Build | House |
| 0:26 | Build | House |
| 0:34 | Research | Feudal Age |
| 0:37 | Create | Villager (Male) |
| 0:37 | Create | Villager (Male) |
| 0:37 | Create | Villager (Male) |
| 0:38 | Create | Villager (Male) |
| 0:38 | Create | Villager (Male) |
| 0:38 | Create | Villager (Male) |
| 0:38 | Create | Villager (Male) |
| 0:39 | Create | Villager (Male) |
| 0:39 | Create | Villager (Male) |
| 0:39 | Create | Villager (Male) |
| 0:41 | Research | Loom |
| 2:03 | Create | Villager (Male) |
| 2:30 | Create | Villager (Male) |
| 2:30 | Create | Villager (Male) |
| 3:11 | Create | Villager (Male) |
| 3:12 | Create | Villager (Male) |
| 3:12 | Create | Villager (Male) |
| 3:47 | Create | Villager (Male) |
| 3:48 | Create | Villager (Male) |
| 3:48 | Create | Villager (Male) |
| 4:11 | Build | Stone Wall |
| 4:54 | Build | Blacksmith |
| 5:41 | Research | Wheelbarrow |
| 5:46 | Research | Double-Bit Axe |
| 6:28 | Build | Gate |
| 6:50 | Create | Villager (Male) |
| 6:50 | Create | Villager (Male) |
| 7:58 | Build | Stone Wall |
| 8:29 | Build | Stone Wall |
| 8:44 | Build | House |
| 8:47 | Build | House |
| 9:38 | Build | Gate |
| 10:01 | Build | Market |
| 10:15 | Build | Market |
| 10:35 | Create | Villager (Male) |
| 10:36 | Create | Villager (Male) |
| 10:58 | Research | Castle Age |
| 11:10 | Build | Farm |
| 11:13 | Build | Farm |
| 11:18 | Build | Farm |
| 11:20 | Build | Farm |
| 11:22 | Build | Farm |
| 11:24 | Build | Farm |
| 11:25 | Build | Farm |
| 11:27 | Build | Farm |
| 12:02 | Build | Farm |
| 12:05 | Build | Farm |
| 12:14 | Build | Farm |
| 12:16 | Build | Farm |
| 12:18 | Build | Farm |
| 12:21 | Build | Farm |
| 12:22 | Build | Farm |
| 12:37 | Build | Mining Camp |
| 12:52 | Build | Barracks |
| 12:57 | Build | Barracks |
| 13:01 | Build | Barracks |
| 13:08 | Research | Caravan |
| 13:25 | Build | Town Center |
| 13:45 | Build | Town Center |
| 13:49 | Create | Villager (Male) |
| 13:49 | Create | Villager (Male) |
| 13:49 | Create | Villager (Male) |
| 13:50 | Create | Villager (Male) |
| 13:50 | Create | Villager (Male) |
| 13:50 | Create | Villager (Male) |
| 13:50 | Create | Villager (Male) |
| 13:51 | Create | Villager (Male) |
| 13:51 | Create | Villager (Male) |
| 13:51 | Create | Villager (Male) |
| 13:51 | Create | Villager (Male) |
| 13:52 | Create | Villager (Male) |
| 13:52 | Create | Villager (Male) |
| 13:52 | Create | Villager (Male) |
| 13:52 | Create | Villager (Male) |
| 14:40 | Build | Town Center |
| 14:43 | Create | Villager (Male) |
| 14:43 | Create | Villager (Male) |
| 14:43 | Create | Villager (Male) |
| 14:43 | Create | Villager (Male) |
| 14:44 | Create | Villager (Male) |
| 14:44 | Create | Villager (Male) |
| 14:44 | Create | Villager (Male) |
| 14:44 | Create | Villager (Male) |
| 14:45 | Create | Villager (Male) |
| 16:08 | Build | House |
| 16:10 | Build | House |
| 16:12 | Build | House |
| 16:14 | Build | House |
| 16:17 | Build | House |
| 16:21 | Build | House |
| 16:25 | Build | House |
| 16:27 | Build | House |
| 16:30 | Build | House |
| 16:33 | Build | House |
| 16:36 | Build | House |
| 16:48 | Create | Villager (Male) |
| 16:48 | Create | Villager (Male) |
| 16:48 | Create | Villager (Male) |
| 16:48 | Create | Villager (Male) |
| 16:50 | Create | Villager (Male) |
| 16:50 | Create | Villager (Male) |
| 16:50 | Create | Villager (Male) |
| 16:50 | Create | Villager (Male) |
| 16:51 | Create | Villager (Male) |
| 16:51 | Create | Villager (Male) |
| 16:51 | Create | Villager (Male) |
| 16:51 | Create | Villager (Male) |
| 16:52 | Create | Villager (Male) |
| 16:52 | Create | Villager (Male) |
| 16:52 | Create | Villager (Male) |
| 16:52 | Create | Villager (Male) |
| 16:54 | Create | Villager (Male) |
| 16:54 | Create | Villager (Male) |
| 16:54 | Create | Villager (Male) |
| 16:54 | Create | Villager (Male) |
| 16:55 | Create | Villager (Male) |
| 16:55 | Create | Villager (Male) |
| 16:55 | Create | Villager (Male) |
| 16:55 | Create | Villager (Male) |
| 16:56 | Create | Villager (Male) |
| 16:56 | Create | Villager (Male) |
| 16:56 | Create | Villager (Male) |
| 16:56 | Create | Villager (Male) |
| 16:58 | Create | Villager (Male) |
| 16:58 | Create | Villager (Male) |
| 16:58 | Create | Villager (Male) |
| 17:00 | Create | Villager (Male) |
| 17:00 | Create | Villager (Male) |
| 17:00 | Create | Villager (Male) |
| 17:02 | Create | Villager (Male) |
| 17:02 | Create | Villager (Male) |
| 17:02 | Create | Villager (Male) |
| 17:04 | Create | Villager (Male) |
| 17:04 | Create | Villager (Male) |
| 17:04 | Create | Villager (Male) |
| 17:06 | Create | Villager (Male) |
| 17:06 | Create | Villager (Male) |
| 17:20 | Research | Bow Saw |
| 17:23 | Build | Farm |
| 17:25 | Research | Horse Collar |
| 17:38 | Build | Farm |
| 17:38 | Build | Farm |
| 17:47 | Build | Mining Camp |
| 17:53 | Build | Farm |
Build order — Ozymandias
First 150 of 579 actions detected
| 0:04 | Create | Villager (Male) ×5 |
| 0:05 | Create | Villager (Male) ×5 |
| 0:07 | Build | House |
| 0:11 | Build | House |
| 0:52 | Build | Lumber Camp |
| 1:01 | Build | Mill |
| 1:25 | Research | Feudal Age |
| 1:26 | Research | Feudal Age |
| 2:17 | Age | Feudal Age |
| 2:24 | Research | Wheelbarrow |
| 2:41 | Build | Blacksmith |
| 2:45 | Build | Market |
| 2:54 | Create | Villager (Male) |
| 2:56 | Create | Villager (Male) |
| 3:55 | Create | Villager (Male) |
| 3:57 | Create | Villager (Male) |
| 4:52 | Create | Villager (Male) |
| 5:09 | Create | Villager (Male) |
| 5:16 | Build | House |
| 5:17 | Build | House |
| 5:18 | Build | House |
| 5:26 | Build | House |
| 5:28 | Build | House |
| 5:29 | Build | House |
| 5:30 | Build | House |
| 5:53 | Create | Villager (Male) |
| 6:03 | Create | Villager (Male) |
| 6:50 | Research | Castle Age |
| 7:54 | Age | Castle Age |
| 8:11 | Create | Villager (Male) |
| 8:11 | Create | Villager (Male) |
| 8:12 | Create | Villager (Male) |
| 8:19 | Build | Town Center |
| 8:25 | Build | Town Center |
| 8:41 | Build | Mining Camp |
| 9:10 | Research | Hand Cart |
| 9:14 | Create | Villager (Male) |
| 9:14 | Create | Villager (Male) |
| 9:15 | Create | Villager (Male) |
| 9:15 | Create | Villager (Male) |
| 9:34 | Build | Monastery |
| 9:39 | Build | Monastery |
| 9:40 | Create | Villager (Male) |
| 9:41 | Create | Villager (Male) |
| 9:43 | Create | Villager (Male) |
| 10:01 | Create | Villager (Male) |
| 10:02 | Create | Villager (Male) |
| 10:13 | Research | Gold Mining |
| 10:19 | Create | Villager (Male) ×2 |
| 10:48 | Research | Double-Bit Axe |
| 11:01 | Create | Villager (Male) |
| 11:09 | Create | Villager (Male) |
| 11:10 | Create | Villager (Male) |
| 11:10 | Create | Villager (Male) |
| 11:21 | Create | Monk |
| 11:27 | Create | Monk |
| 11:42 | Build | Town Center |
| 11:54 | Create | Villager (Male) ×3 |
| 11:54 | Create | Villager (Male) ×3 |
| 11:57 | Build | Farm |
| 11:59 | Build | Farm |
| 12:03 | Build | Farm |
| 12:04 | Build | Farm |
| 12:07 | Build | Farm |
| 12:13 | Build | Farm |
| 12:15 | Build | Farm |
| 12:32 | Build | Farm |
| 12:33 | Build | Farm |
| 12:35 | Build | Farm |
| 12:39 | Build | Farm |
| 12:41 | Build | Farm |
| 12:42 | Build | Farm |
| 12:52 | Create | Monk |
| 13:08 | Create | Villager (Male) ×4 |
| 13:23 | Create | Villager (Male) ×2 |
| 13:35 | Create | Villager (Male) |
| 13:36 | Create | Villager (Male) |
| 13:55 | Create | Villager (Male) ×5 |
| 14:04 | Build | Mining Camp |
| 14:10 | Create | Villager (Male) |
| 14:11 | Create | Villager (Male) |
| 14:25 | Create | Villager (Male) |
| 14:26 | Create | Villager (Male) |
| 14:50 | Build | House |
| 14:52 | Build | House |
| 14:54 | Build | House |
| 14:55 | Build | House |
| 14:57 | Build | House |
| 14:58 | Build | House |
| 14:59 | Build | House |
| 15:00 | Build | House |
| 15:02 | Build | House |
| 15:03 | Build | House |
| 15:04 | Build | House |
| 15:05 | Build | House |
| 15:07 | Build | House |
| 15:08 | Build | House |
| 15:09 | Build | House |
| 15:11 | Build | House |
| 15:12 | Build | House |
| 15:14 | Create | Villager (Male) |
| 15:15 | Create | Villager (Male) |
| 15:16 | Create | Villager (Male) |
| 15:21 | Research | Stone Mining |
| 15:24 | Research | Bow Saw |
| 15:28 | Research | Horse Collar |
| 15:40 | Build | Farm |
| 15:42 | Build | Farm |
| 15:43 | Build | Farm |
| 15:44 | Build | Farm |
| 15:46 | Create | Villager (Male) |
| 15:46 | Create | Villager (Male) |
| 15:56 | Build | Castle |
| 16:01 | Research | Gold Shaft Mining |
| 16:02 | Research | Stone Shaft Mining |
| 16:03 | Create | Villager (Male) ×5 |
| 16:05 | Create | Villager (Male) |
| 16:06 | Create | Villager (Male) |
| 16:10 | Build | Farm |
| 16:13 | Create | Villager (Male) |
| 16:18 | Build | Mining Camp |
| 16:36 | Build | Farm |
| 16:38 | Build | Farm |
| 16:45 | Create | Villager (Male) |
| 16:48 | Create | Villager (Male) |
| 17:07 | Build | Farm |
| 17:09 | Build | Farm |
| 17:11 | Build | Farm |
| 17:12 | Build | Farm |
| 17:14 | Build | Farm |
| 17:20 | Build | Farm |
| 17:25 | Build | Farm |
| 17:33 | Create | Villager (Male) |
| 17:34 | Create | Villager (Male) |
| 17:37 | Create | Villager (Male) |
| 17:43 | Research | Imperial Age |
| 17:46 | Create | Villager (Male) ×5 |
| 18:01 | Build | Town Center |
| 18:13 | Build | Town Center |
| 18:30 | Create | Villager (Male) |
| 18:30 | Create | Villager (Male) |
| 18:30 | Create | Villager (Male) |
| 18:45 | Create | Villager (Male) ×5 |
| 18:52 | Build | House |
| 18:53 | Build | House |
| 18:54 | Build | House |
| 18:55 | Build | House |
| 18:58 | Create | Villager (Male) |
| 18:59 | Age | Imperial Age |
| 19:09 | Build | Market |
Build order — Thaizila
First 150 of 1513 actions detected
| 0:02 | Create | Villager (Male) |
| 0:02 | Create | Villager (Male) |
| 0:03 | Create | Villager (Male) |
| 0:04 | Build | House |
| 0:06 | Build | House |
| 0:09 | Create | Villager (Male) |
| 0:09 | Create | Villager (Male) |
| 0:11 | Create | Villager (Male) |
| 0:11 | Create | Villager (Male) |
| 0:23 | Build | Mill |
| 0:25 | Create | Villager (Male) |
| 0:25 | Create | Villager (Male) |
| 0:26 | Create | Villager (Male) |
| 0:36 | Build | Lumber Camp |
| 0:40 | Create | Villager (Male) |
| 0:41 | Create | Villager (Male) |
| 0:41 | Create | Villager (Male) |
| 0:41 | Create | Villager (Male) |
| 0:49 | Create | Villager (Male) |
| 0:49 | Create | Villager (Male) |
| 0:49 | Create | Villager (Male) |
| 1:20 | Create | Villager (Male) |
| 1:20 | Create | Villager (Male) |
| 1:40 | Create | Villager (Male) |
| 2:11 | Create | Villager (Male) |
| 2:56 | Research | Feudal Age |
| 3:52 | Create | Villager (Male) |
| 3:53 | Create | Villager (Male) |
| 4:04 | Build | Market |
| 4:13 | Build | Blacksmith |
| 4:36 | Research | Castle Age |
| 4:36 | Research | Castle Age |
| 4:59 | Research | Horse Collar |
| 5:14 | Research | Double-Bit Axe |
| 5:46 | Build | House |
| 5:57 | Build | Town Center |
| 5:58 | Create | Villager (Male) |
| 5:58 | Create | Villager (Male) |
| 6:02 | Create | Villager (Male) |
| 6:09 | Build | Town Center |
| 6:12 | Create | Villager (Male) |
| 6:15 | Research | Bow Saw |
| 6:17 | Research | Heavy Plow |
| 6:48 | Create | Villager (Male) |
| 6:51 | Build | Farm |
| 6:56 | Create | Villager (Male) |
| 6:56 | Create | Villager (Male) |
| 7:05 | Create | Villager (Male) |
| 7:10 | Create | Villager (Male) |
| 7:25 | Create | Villager (Male) |
| 7:25 | Create | Villager (Male) |
| 7:30 | Build | Farm |
| 7:30 | Create | Villager (Male) |
| 7:31 | Create | Villager (Male) |
| 7:46 | Build | House |
| 7:50 | Build | Farm |
| 7:54 | Create | Villager (Male) |
| 7:55 | Create | Villager (Male) |
| 7:58 | Create | Villager (Male) |
| 8:00 | Build | Farm |
| 8:03 | Build | Farm |
| 8:05 | Build | Farm |
| 8:06 | Create | Villager (Male) |
| 8:06 | Create | Villager (Male) |
| 8:08 | Build | House |
| 8:16 | Build | Town Center |
| 8:33 | Build | Town Center |
| 8:42 | Build | Farm |
| 8:50 | Build | Farm |
| 8:51 | Create | Villager (Male) |
| 8:51 | Create | Villager (Male) |
| 8:52 | Create | Villager (Male) |
| 8:52 | Create | Villager (Male) |
| 8:57 | Create | Villager (Male) |
| 8:59 | Build | Farm |
| 9:00 | Build | Farm |
| 9:01 | Create | Villager (Male) |
| 9:01 | Create | Villager (Male) |
| 9:02 | Create | Villager (Male) |
| 9:02 | Create | Villager (Male) |
| 9:03 | Create | Villager (Male) |
| 9:08 | Create | Villager (Male) |
| 9:13 | Create | Villager (Male) |
| 9:13 | Create | Villager (Male) |
| 9:16 | Build | Farm |
| 9:17 | Build | Farm |
| 9:20 | Build | Farm |
| 9:26 | Build | Farm |
| 9:28 | Create | Villager (Male) |
| 9:31 | Create | Villager (Male) |
| 9:31 | Create | Villager (Male) |
| 9:36 | Build | Town Center |
| 9:44 | Create | Villager (Male) |
| 9:45 | Create | Villager (Male) |
| 9:53 | Create | Villager (Male) |
| 9:53 | Create | Villager (Male) |
| 9:53 | Create | Villager (Male) |
| 9:54 | Create | Villager (Male) |
| 9:57 | Build | Farm |
| 9:57 | Create | Villager (Male) |
| 9:58 | Create | Villager (Male) |
| 10:02 | Build | Farm |
| 10:06 | Build | Farm |
| 10:09 | Build | Farm |
| 10:14 | Research | Wheelbarrow |
| 10:15 | Create | Villager (Male) |
| 10:24 | Build | House |
| 10:32 | Build | Farm |
| 10:37 | Build | Farm |
| 10:39 | Build | Farm |
| 10:44 | Build | House |
| 10:46 | Build | House |
| 10:47 | Build | House |
| 10:48 | Create | Villager (Male) |
| 10:48 | Create | Villager (Male) |
| 10:49 | Create | Villager (Male) |
| 10:53 | Build | Farm |
| 10:54 | Build | Farm |
| 10:55 | Build | Farm |
| 11:02 | Build | Lumber Camp |
| 11:05 | Create | Villager (Male) |
| 11:05 | Create | Villager (Male) |
| 11:09 | Create | Villager (Male) |
| 11:09 | Create | Villager (Male) |
| 11:13 | Create | Villager (Male) |
| 11:14 | Create | Villager (Male) |
| 11:14 | Create | Villager (Male) |
| 11:15 | Create | Villager (Male) |
| 11:15 | Create | Villager (Male) |
| 11:16 | Create | Villager (Male) |
| 11:16 | Create | Villager (Male) |
| 11:17 | Create | Villager (Male) |
| 11:19 | Build | House |
| 11:21 | Build | House |
| 11:22 | Build | House |
| 11:23 | Create | Villager (Male) |
| 11:23 | Create | Villager (Male) |
| 11:24 | Create | Villager (Male) |
| 11:28 | Build | Mining Camp |
| 11:31 | Create | Villager (Male) |
| 11:31 | Create | Villager (Male) |
| 11:35 | Build | Mining Camp |
| 11:36 | Create | Villager (Male) |
| 11:39 | Create | Villager (Male) |
| 11:40 | Create | Villager (Male) |
| 11:43 | Build | Farm |
| 11:44 | Build | Farm |
| 11:45 | Create | Villager (Male) |
| 11:45 | Create | Villager (Male) |
| 11:47 | Build | Farm |
Build order — ///Facu///
First 150 of 1634 actions detected
| 0:08 | Build | House |
| 0:10 | Build | House |
| 0:35 | Create | Villager (Male) |
| 0:35 | Create | Villager (Male) |
| 0:36 | Create | Villager (Male) |
| 0:36 | Create | Villager (Male) |
| 0:57 | Create | Villager (Male) |
| 0:58 | Create | Villager (Male) |
| 1:39 | Create | Villager (Male) |
| 1:40 | Create | Villager (Male) |
| 1:40 | Create | Villager (Male) |
| 2:08 | Research | Loom |
| 2:45 | Create | Villager (Male) |
| 3:03 | Create | Villager (Male) |
| 3:34 | Build | Mill |
| 4:37 | Create | Villager (Male) |
| 4:41 | Build | Lumber Camp |
| 4:58 | Build | Mill |
| 5:03 | Research | Feudal Age |
| 5:33 | Build | House |
| 5:35 | Build | House |
| 6:02 | Build | House |
| 6:04 | Build | House |
| 6:19 | Age | Feudal Age |
| 6:23 | Create | Villager (Male) |
| 6:23 | Create | Villager (Male) |
| 6:24 | Create | Villager (Male) |
| 6:24 | Create | Villager (Male) |
| 6:24 | Create | Villager (Male) |
| 6:38 | Build | Blacksmith |
| 6:48 | Build | Market |
| 6:52 | Create | Villager (Male) |
| 6:53 | Create | Villager (Male) |
| 7:23 | Create | Villager (Male) |
| 7:29 | Build | House |
| 7:31 | Build | House |
| 7:51 | Research | Castle Age |
| 8:00 | Build | Market |
| 8:07 | Build | House |
| 8:09 | Build | House |
| 8:11 | Build | House |
| 8:50 | Build | Mining Camp |
| 8:56 | Build | House |
| 8:58 | Build | House |
| 8:59 | Build | House |
| 9:07 | Build | Lumber Camp |
| 9:19 | Research | Wheelbarrow |
| 9:20 | Research | Town Watch |
| 9:24 | Research | Gold Mining |
| 9:26 | Research | Double-Bit Axe |
| 9:30 | Research | Horse Collar |
| 9:43 | Build | Farm |
| 9:48 | Build | Farm |
| 10:05 | Build | Farm |
| 10:11 | Build | Farm |
| 10:14 | Age | Castle Age |
| 10:19 | Create | Villager (Male) |
| 10:19 | Create | Villager (Male) |
| 10:20 | Create | Villager (Male) |
| 10:20 | Create | Villager (Male) |
| 10:30 | Build | Town Center |
| 10:48 | Create | Villager (Male) |
| 10:49 | Create | Villager (Male) |
| 11:24 | Create | Villager (Male) |
| 11:24 | Create | Villager (Male) |
| 11:27 | Build | Farm |
| 11:30 | Create | Villager (Male) |
| 11:31 | Create | Villager (Male) |
| 11:31 | Create | Villager (Male) |
| 11:32 | Create | Villager (Male) |
| 11:52 | Build | Town Center |
| 11:57 | Create | Villager (Male) |
| 12:00 | Create | Villager (Male) |
| 12:01 | Create | Villager (Male) |
| 12:02 | Create | Villager (Male) |
| 12:38 | Create | Trade Cart |
| 12:39 | Create | Trade Cart |
| 12:39 | Research | Caravan |
| 12:51 | Create | Villager (Male) |
| 12:51 | Create | Villager (Male) |
| 12:52 | Create | Villager (Male) |
| 12:52 | Create | Villager (Male) |
| 12:53 | Create | Villager (Male) |
| 12:53 | Create | Villager (Male) |
| 12:53 | Create | Villager (Male) |
| 12:54 | Create | Villager (Male) |
| 12:54 | Create | Villager (Male) |
| 12:55 | Create | Villager (Male) |
| 13:01 | Build | Farm |
| 13:04 | Build | Farm |
| 13:07 | Build | Farm |
| 13:12 | Build | Farm |
| 13:17 | Create | Villager (Male) |
| 13:30 | Build | Farm |
| 13:31 | Build | Farm |
| 13:38 | Build | Farm |
| 13:48 | Build | Mining Camp |
| 13:52 | Create | Villager (Male) |
| 13:58 | Build | Farm |
| 14:05 | Build | Castle |
| 14:13 | Create | Villager (Male) |
| 14:13 | Create | Villager (Male) |
| 14:13 | Create | Villager (Male) |
| 14:14 | Create | Villager (Male) |
| 14:14 | Create | Villager (Male) |
| 14:15 | Create | Villager (Male) |
| 14:40 | Build | Farm |
| 14:45 | Build | Farm |
| 14:47 | Research | Heavy Plow |
| 14:50 | Research | Bow Saw |
| 14:56 | Research | Stone Mining |
| 15:03 | Research | Padded Archer Armor |
| 15:03 | Research | Fletching |
| 15:05 | Research | Scale Barding Armor |
| 15:11 | Build | Farm |
| 15:20 | Create | Villager (Male) |
| 15:20 | Create | Villager (Male) |
| 15:21 | Create | Villager (Male) |
| 15:21 | Create | Villager (Male) |
| 15:35 | Build | Farm |
| 16:03 | Build | Farm |
| 16:06 | Create | Villager (Male) |
| 16:07 | Create | Villager (Male) |
| 16:07 | Create | Villager (Male) |
| 16:08 | Create | Villager (Male) |
| 16:08 | Create | Villager (Male) |
| 16:15 | Build | Farm |
| 16:16 | Build | Farm |
| 16:17 | Build | Farm |
| 16:17 | Build | Farm |
| 16:18 | Build | Farm |
| 16:18 | Build | Farm |
| 16:30 | Build | Castle |
| 16:37 | Build | Farm |
| 16:51 | Build | Farm |
| 17:05 | Research | Imperial Age |
| 17:14 | Build | Farm |
| 17:25 | Build | Farm |
| 17:36 | Create | Villager (Male) |
| 17:36 | Create | Villager (Male) |
| 17:42 | Research | Hand Cart |
| 17:43 | Research | Town Patrol |
| 17:43 | Create | Villager (Male) |
| 17:43 | Create | Villager (Male) |
| 17:44 | Create | Villager (Male) |
| 18:05 | Research | Nomads |
| 18:25 | Build | Mining Camp |
| 18:34 | Create | Villager (Male) |
| 18:35 | Create | Villager (Male) |
| 18:45 | Build | Farm |
Build order — PANCHOLOCO
First 150 of 1809 actions detected
| 0:07 | Build | House |
| 0:09 | Build | House |
| 0:12 | Research | Loom |
| 0:13 | Create | Villager (Male) |
| 0:13 | Create | Villager (Male) |
| 0:14 | Create | Villager (Male) |
| 0:14 | Create | Villager (Male) |
| 0:14 | Create | Villager (Male) |
| 0:15 | Create | Villager (Male) |
| 0:15 | Create | Villager (Male) |
| 0:16 | Create | Villager (Male) |
| 0:16 | Create | Villager (Male) |
| 0:31 | Create | Villager (Male) |
| 0:31 | Create | Villager (Male) |
| 0:31 | Create | Villager (Male) |
| 0:32 | Create | Villager (Male) |
| 0:32 | Create | Villager (Male) |
| 1:17 | Create | Villager (Male) |
| 1:18 | Create | Villager (Male) |
| 1:18 | Create | Villager (Male) |
| 1:18 | Create | Villager (Male) |
| 1:18 | Create | Villager (Male) |
| 1:50 | Build | Mill |
| 2:02 | Build | Lumber Camp |
| 2:04 | Create | Villager (Male) |
| 2:04 | Create | Villager (Male) |
| 2:04 | Create | Villager (Male) |
| 2:04 | Create | Villager (Male) |
| 2:26 | Research | Feudal Age |
| 3:18 | Age | Feudal Age |
| 3:25 | Create | Villager (Male) |
| 3:25 | Create | Villager (Male) |
| 3:26 | Create | Villager (Male) |
| 3:26 | Create | Villager (Male) |
| 3:26 | Create | Villager (Male) |
| 3:26 | Create | Villager (Male) |
| 3:27 | Create | Villager (Male) |
| 3:27 | Create | Villager (Male) |
| 3:27 | Create | Villager (Male) |
| 3:28 | Create | Villager (Male) |
| 3:28 | Create | Villager (Male) |
| 3:45 | Create | Villager (Male) |
| 3:45 | Create | Villager (Male) |
| 3:46 | Create | Villager (Male) |
| 3:46 | Create | Villager (Male) |
| 3:58 | Build | Stone Wall |
| 4:04 | Create | Villager (Male) |
| 4:04 | Create | Villager (Male) |
| 4:05 | Create | Villager (Male) |
| 4:45 | Create | Villager (Male) |
| 4:46 | Create | Villager (Male) |
| 4:46 | Create | Villager (Male) |
| 4:46 | Create | Villager (Male) |
| 4:46 | Create | Villager (Male) |
| 4:47 | Create | Villager (Male) |
| 4:47 | Create | Villager (Male) |
| 4:47 | Create | Villager (Male) |
| 4:54 | Build | House |
| 4:55 | Build | House |
| 5:10 | Build | Gate |
| 5:34 | Create | Villager (Male) |
| 5:34 | Create | Villager (Male) |
| 5:34 | Create | Villager (Male) |
| 5:35 | Create | Villager (Male) |
| 5:35 | Create | Villager (Male) |
| 5:35 | Create | Villager (Male) |
| 5:36 | Create | Villager (Male) |
| 5:36 | Create | Villager (Male) |
| 5:36 | Create | Villager (Male) |
| 5:59 | Build | Mill |
| 6:13 | Create | Villager (Male) |
| 6:13 | Create | Villager (Male) |
| 6:23 | Build | Outpost |
| 6:29 | Build | House |
| 7:26 | Build | House |
| 7:27 | Build | House |
| 7:29 | Build | House |
| 7:29 | Build | House |
| 7:30 | Build | House |
| 7:30 | Build | House |
| 7:32 | Build | House |
| 10:02 | Build | Blacksmith |
| 10:31 | Build | Market |
| 10:36 | Build | House |
| 10:37 | Build | House |
| 10:38 | Build | House |
| 11:04 | Build | Mining Camp |
| 11:24 | Build | Lumber Camp |
| 11:30 | Research | Horse Collar |
| 11:32 | Research | Double-Bit Axe |
| 11:32 | Research | Double-Bit Axe |
| 11:44 | Build | Outpost |
| 11:52 | Build | Outpost |
| 11:56 | Research | Castle Age |
| 11:57 | Research | Castle Age |
| 11:57 | Research | Castle Age |
| 12:12 | Build | House |
| 12:13 | Build | House |
| 12:34 | Build | Outpost |
| 12:44 | Build | Outpost |
| 12:55 | Build | House |
| 13:00 | Age | Castle Age |
| 13:04 | Build | Outpost |
| 13:06 | Create | Villager (Male) |
| 13:06 | Create | Villager (Male) |
| 13:07 | Create | Villager (Male) |
| 13:07 | Create | Villager (Male) |
| 13:07 | Create | Villager (Male) |
| 13:07 | Create | Villager (Male) |
| 13:08 | Create | Villager (Male) |
| 13:08 | Create | Villager (Male) |
| 13:08 | Create | Villager (Male) |
| 13:08 | Create | Villager (Male) |
| 13:09 | Create | Villager (Male) |
| 13:09 | Create | Villager (Male) |
| 13:09 | Create | Villager (Male) |
| 13:09 | Create | Villager (Male) |
| 13:10 | Create | Villager (Male) |
| 13:10 | Create | Villager (Male) |
| 13:10 | Create | Villager (Male) |
| 13:20 | Build | Town Center |
| 13:36 | Research | Heavy Plow |
| 13:36 | Research | Heavy Plow |
| 13:52 | Build | Farm |
| 13:52 | Build | Farm |
| 13:53 | Build | Farm |
| 13:53 | Build | Farm |
| 13:53 | Build | Farm |
| 13:53 | Build | Farm |
| 13:54 | Build | Farm |
| 13:54 | Build | Farm |
| 13:54 | Build | Farm |
| 13:54 | Build | Farm |
| 13:55 | Build | Farm |
| 13:55 | Build | Farm |
| 13:55 | Build | Farm |
| 13:55 | Build | Farm |
| 13:56 | Build | Farm |
| 13:56 | Build | Farm |
| 13:57 | Build | Farm |
| 13:57 | Build | Farm |
| 13:57 | Build | Farm |
| 13:57 | Build | Farm |
| 13:58 | Build | Farm |
| 13:58 | Build | Farm |
| 14:02 | Create | Villager (Male) |
| 14:03 | Create | Villager (Male) |
| 14:03 | Create | Villager (Male) |
| 14:03 | Create | Villager (Male) |
| 14:18 | Build | Stone Wall |
Build order — KinGus
First 150 of 481 actions detected
| 0:04 | Research | Loom |
| 0:07 | Build | House |
| 0:08 | Build | House |
| 0:10 | Build | House |
| 0:22 | Create | Villager (Male) ×5 |
| 0:39 | Create | Villager (Male) ×5 |
| 0:39 | Create | Villager (Male) ×5 |
| 0:55 | Research | Feudal Age |
| 1:47 | Create | Villager (Male) ×5 |
| 1:47 | Age | Feudal Age |
| 1:57 | Build | Market |
| 2:14 | Create | Villager (Male) ×5 |
| 2:27 | Create | Villager (Male) ×2 |
| 2:55 | Build | Blacksmith |
| 3:30 | Build | House |
| 3:31 | Build | House |
| 4:18 | Research | Castle Age |
| 4:23 | Build | House |
| 5:22 | Age | Castle Age |
| 5:35 | Build | Town Center |
| 6:01 | Create | Villager (Male) |
| 6:01 | Create | Villager (Male) |
| 6:02 | Create | Villager (Male) |
| 7:15 | Create | Villager (Male) |
| 7:15 | Create | Villager (Male) |
| 7:15 | Create | Villager (Male) |
| 7:26 | Create | Villager (Male) |
| 7:28 | Create | Villager (Male) |
| 7:29 | Create | Villager (Male) |
| 7:29 | Create | Villager (Male) |
| 8:02 | Build | Town Center |
| 8:36 | Build | Mill |
| 8:50 | Create | Villager (Male) |
| 8:50 | Create | Villager (Male) |
| 8:51 | Create | Villager (Male) |
| 8:51 | Create | Villager (Male) |
| 8:52 | Create | Villager (Male) |
| 8:52 | Create | Villager (Male) |
| 8:53 | Create | Villager (Male) |
| 9:38 | Build | Town Center |
| 9:41 | Create | Villager (Male) |
| 9:42 | Create | Villager (Male) |
| 9:42 | Create | Villager (Male) |
| 9:42 | Create | Villager (Male) |
| 9:43 | Create | Villager (Male) |
| 9:43 | Create | Villager (Male) |
| 10:17 | Create | Villager (Male) |
| 10:17 | Create | Villager (Male) |
| 10:18 | Create | Villager (Male) |
| 10:39 | Build | Farm |
| 10:39 | Build | Farm |
| 10:39 | Build | Farm |
| 10:40 | Build | Farm |
| 10:40 | Build | Farm |
| 10:40 | Build | Farm |
| 10:41 | Build | Farm |
| 10:41 | Build | Farm |
| 10:41 | Build | Farm |
| 10:52 | Create | Villager (Male) |
| 10:52 | Create | Villager (Male) |
| 10:53 | Create | Villager (Male) |
| 11:17 | Research | Horse Collar |
| 11:25 | Create | Villager (Male) |
| 11:26 | Create | Villager (Male) |
| 11:26 | Create | Villager (Male) |
| 11:27 | Create | Villager (Male) |
| 11:27 | Create | Villager (Male) |
| 11:32 | Build | Farm |
| 11:33 | Build | Farm |
| 11:33 | Build | Farm |
| 11:33 | Build | Farm |
| 11:34 | Build | Farm |
| 11:34 | Build | Farm |
| 11:35 | Build | Farm |
| 11:35 | Build | Farm |
| 11:35 | Build | Farm |
| 11:36 | Build | Farm |
| 11:46 | Build | Lumber Camp |
| 11:59 | Create | Villager (Male) |
| 11:59 | Create | Villager (Male) |
| 12:00 | Create | Villager (Male) |
| 12:00 | Create | Villager (Male) |
| 12:00 | Create | Villager (Male) |
| 12:01 | Create | Villager (Male) |
| 12:15 | Create | Villager (Male) |
| 12:15 | Create | Villager (Male) |
| 12:26 | Research | Double-Bit Axe |
| 12:30 | Research | Heavy Plow |
| 12:42 | Build | Lumber Camp |
| 12:52 | Create | Villager (Male) |
| 12:52 | Create | Villager (Male) |
| 12:52 | Create | Villager (Male) |
| 12:53 | Create | Villager (Male) |
| 12:53 | Create | Villager (Male) |
| 12:53 | Create | Villager (Male) |
| 13:01 | Build | House |
| 13:01 | Build | House |
| 13:02 | Build | House |
| 13:02 | Build | House |
| 13:02 | Build | House |
| 13:03 | Build | House |
| 13:04 | Build | House |
| 13:04 | Build | House |
| 13:04 | Build | House |
| 13:47 | Build | Farm |
| 13:47 | Build | Farm |
| 13:47 | Build | Farm |
| 13:48 | Build | Farm |
| 13:48 | Build | Farm |
| 13:48 | Build | Farm |
| 13:49 | Build | Farm |
| 13:49 | Build | Farm |
| 13:49 | Build | Farm |
| 13:50 | Build | Farm |
| 13:50 | Build | Farm |
| 13:51 | Build | Farm |
| 13:51 | Build | Farm |
| 13:51 | Build | Farm |
| 13:59 | Create | Villager (Male) |
| 14:00 | Create | Villager (Male) |
| 14:15 | Build | Town Center |
| 14:20 | Build | House |
| 14:20 | Build | House |
| 14:20 | Build | House |
| 14:21 | Build | House |
| 14:21 | Build | House |
| 14:21 | Build | House |
| 14:50 | Create | Villager (Male) |
| 14:50 | Create | Villager (Male) |
| 14:51 | Create | Villager (Male) |
| 14:51 | Create | Villager (Male) |
| 14:52 | Create | Villager (Male) |
| 14:52 | Create | Villager (Male) |
| 14:52 | Create | Villager (Male) |
| 14:53 | Create | Villager (Male) |
| 14:53 | Create | Villager (Male) |
| 15:00 | Build | Farm |
| 15:01 | Build | Farm |
| 15:01 | Build | Farm |
| 15:01 | Build | Farm |
| 15:02 | Build | Farm |
| 15:02 | Build | Farm |
| 15:03 | Build | Farm |
| 15:18 | Build | House |
| 15:19 | Create | Villager (Male) |
| 15:19 | Create | Villager (Male) |
| 15:26 | Create | Villager (Male) |
| 15:27 | Create | Villager (Male) |
| 15:27 | Create | Villager (Male) |
| 15:27 | Create | Villager (Male) |
Match timeline
| 1:47 | KinGus · age_up feudal |
| 2:17 | Ozymandias · age_up feudal |
| 3:14 | xfreron · age_up feudal |
| 3:18 | PANCHOLOCO · age_up feudal |
| 3:35 | Peterecsoer · age_up feudal |
| 3:58 | PANCHOLOCO · wall_segment Stone Wall x20 |
| 4:11 | Ephesians-5-14 · wall_segment Stone Wall x15 |
| 5:22 | KinGus · age_up castle |
| 6:19 | ///Facu/// · age_up feudal |
| 7:54 | Ozymandias · age_up castle |
| 7:58 | Ephesians-5-14 · wall_segment Stone Wall x1 |
| 8:29 | Ephesians-5-14 · wall_segment Stone Wall x13 |
| 8:31 | KinGus · first_market_buy 100 wood |
| 9:00 | Peterecsoer · age_up castle |
| 9:10 | Peterecsoer · first_building Monastery |
| 9:21 | Peterecsoer · first_building Barracks |
| 9:34 | Ozymandias · first_building Monastery |
| 10:01 | xfreron · wall_segment Stone Wall x16 |
| 10:14 | ///Facu/// · age_up castle |
| 10:16 | xfreron · age_up castle |
| 12:21 | ///Facu/// · first_market_buy 100 stone |
| 12:25 | Thaizila · first_building Monastery |
| 12:52 | Ephesians-5-14 · first_building Barracks |
| 13:00 | PANCHOLOCO · age_up castle |
| 13:24 | Thaizila · first_building Castle |
| 13:32 | xfreron · first_building Castle |
| 14:05 | ///Facu/// · first_building Castle |
| 14:18 | PANCHOLOCO · wall_segment Stone Wall x4 |
| 14:47 | PANCHOLOCO · wall_segment Stone Wall x21 |
| 15:21 | PANCHOLOCO · wall_segment Stone Wall x2 |
| 15:52 | PANCHOLOCO · first_building Monastery |
| 15:56 | Ozymandias · first_building Castle |
| 16:05 | Thaizila · first_building Siege Workshop |
| 16:10 | xfreron · first_building Barracks |
| 16:43 | PANCHOLOCO · wall_segment Stone Wall x4 |
| 16:46 | xfreron · first_building Archery Range |
| 17:36 | KinGus · first_building Siege Workshop |
| 17:38 | Thaizila · wall_segment Stone Wall x6 |
| 17:40 | Thaizila · wall_segment Stone Wall x9 |
| 17:48 | KinGus · first_building Monastery |
| 18:14 | PANCHOLOCO · wall_segment Stone Wall x3 |
| 18:24 | xfreron · age_up imperial |
| 18:27 | PANCHOLOCO · wall_segment Stone Wall x8 |
| 18:59 | Ozymandias · age_up imperial |
| 19:05 | ///Facu/// · age_up imperial |
| 19:33 | KinGus · age_up imperial |
| 20:15 | Peterecsoer · first_building Castle |
| 20:28 | Ozymandias · first_building Siege Workshop |
| 20:51 | PANCHOLOCO · wall_segment Stone Wall x8 |
| 21:03 | Thaizila · first_market_buy 100 stone |
| 21:04 | Ephesians-5-14 · first_building Monastery |
| 21:06 | Thaizila · first_market_sell 500 food |
| 21:10 | Ozymandias · wall_segment Stone Wall x20 |
| 21:22 | Ozymandias · wall_segment Stone Wall x2 |
| 21:25 | Ozymandias · wall_segment Stone Wall x3 |
| 21:40 | Ephesians-5-14 · first_building Castle |
| 21:56 | Thaizila · first_building Barracks |
| 22:32 | Thaizila · first_building Stable |
| 23:31 | xfreron · first_building Stable |
| 23:47 | KinGus · first_building Castle |
| 24:04 | PANCHOLOCO · first_building Castle |
| 24:47 | Ephesians-5-14 · first_building Siege Workshop |
| 25:02 | Ozymandias · first_building Barracks |
| 25:51 | Ozymandias · first_building Stable |
| 27:06 | ///Facu/// · first_building Barracks |
| 27:42 | xfreron · first_building Siege Workshop |
| 27:45 | PANCHOLOCO · age_up imperial |
| 27:50 | Peterecsoer · age_up imperial |
| 28:15 | ///Facu/// · first_building Archery Range |
| 29:19 | Peterecsoer · first_building Siege Workshop |
| 29:52 | Peterecsoer · first_market_buy 500 stone |
| 30:59 | Thaizila · wall_segment Stone Wall x8 |
| 31:03 | Thaizila · wall_segment Stone Wall x9 |
| 31:06 | Thaizila · wall_segment Stone Wall x8 |
| 31:08 | Thaizila · wall_segment Stone Wall x3 |
| 32:47 | Ephesians-5-14 · first_building Archery Range |
| 35:06 | Thaizila · wall_segment Stone Wall x15 |
| 35:08 | Thaizila · wall_segment Stone Wall x13 |
| 35:35 | KinGus · first_building Stable |
| 36:10 | xfreron · first_market_buy 500 stone |
| 37:07 | Peterecsoer · first_building Stable |
| 37:46 | Peterecsoer · first_building Archery Range |
| 39:58 | PANCHOLOCO · first_building Barracks |
| 43:10 | ///Facu/// · first_building Stable |
| 44:01 | PANCHOLOCO · first_building Siege Workshop |
| 45:04 | Thaizila · wall_segment Stone Wall x4 |
| 45:06 | Thaizila · wall_segment Stone Wall x3 |
| 45:08 | Ozymandias · first_market_sell 500 food |
| 46:33 | Thaizila · wall_segment Stone Wall x10 |
| 46:36 | Thaizila · wall_segment Stone Wall x9 |
| 46:55 | PANCHOLOCO · first_market_buy 100 stone |
| 52:13 | xfreron · first_building Monastery |
| 52:36 | Peterecsoer · wall_segment Stone Wall x19 |
| 52:48 | Peterecsoer · wall_segment Stone Wall x19 |
| 52:50 | Ephesians-5-14 · wall_segment Stone Wall x24 |
| 53:14 | Peterecsoer · wall_segment Stone Wall x3 |
| 55:03 | Ephesians-5-14 · wall_segment Stone Wall x2 |
| 55:16 | Ozymandias · wall_segment Stone Wall x14 |
| 55:21 | Ozymandias · wall_segment Stone Wall x11 |
| 62:23 | Peterecsoer · wall_segment Stone Wall x11 |
| 67:01 | KinGus · wall_segment Stone Wall x1 |
| 67:03 | KinGus · wall_segment Stone Wall x1 |
| 67:05 | KinGus · wall_segment Stone Wall x1 |
| 67:10 | KinGus · wall_segment Stone Wall x2 |
[ AI ANALYSIS · 1 CREDIT ]
What really happened in this match?
Wolo.gg analyzes every decision: build order, eco, micro, common mistakes by bracket. Personalized analysis on WhatsApp or Discord in 30 seconds.
Civ guide
Byzantines
Perfil
xfreron